 Dungeon Crawl Stone Soup version 0.25-a0-565-g8875c97ebb (webtiles) character file.

Game seed: 16066477430305614136, levelgen mode: deterministic

93 MisterFreud the Changer (level 4, 0/28 HPs)
             Began as an Octopode Transmuter on Feb 26, 2020.
             Slain by a gnoll
             ... wielding a +1 flail of protection
              (11 damage)
             ... on level 3 of the Dungeon.
             The game lasted 00:03:11 (2295 turns).

MisterFreud the Changer (Octopode Transmuter)       Turns: 2295, Time: 00:03:12

Health: 0/28       AC:  1    Str:  9    XL:     4   Next: 62%
Magic:  8/8        EV: 13    Int: 16    God:
Gold:   133        SH:  0    Dex: 12    Spells: 7/8 levels left

rFire    . . .     SeeInvis .     - Unarmed
rCold    . . .     Gourm    .   (no shield)
rNeg     . . .     Faith    .   (helmet restricted)
rPois    +         Spirit   .   (no amulet)
rElec    .         Reflect  .   d - ring of poison resistance
rCorr    .         Harm     .   (no ring)
MR       .....                  (no ring)
Stlth    ++........             (no ring)
HPRegen  0.09/turn              (no ring)
MPRegen  0.11/turn              (no ring)
                                (no ring)
                                (no ring)

@: no status effects
A: almost no armour, stealthy swim, amphibious, 8 rings, constrict 8, camouflage
1, gelatinous body 1
a: no special abilities


You were on level 3 of the Dungeon.
You were not hungry.

You visited 1 branch of the dungeon, and saw 3 of its levels.

You collected 133 gold pieces.

Inventory:

Missiles
 a - 56 arrows
Jewellery
 b - a +1 ring of evasion {unknown}
 d - a ring of poison resistance (left tentacle)
Wands
 l - a wand of random effects (14)
Scrolls
 e - 5 scrolls of identify {unknown}
 g - a scroll of enchant weapon {unknown}
 i - a scroll of immolation {unknown}
 j - a scroll of enchant armour {unknown}
 k - a scroll of teleportation {unknown}
Potions
 f - a potion of flight {unknown}
 h - a potion of lignification {unknown}
 n - a potion of mutation {unknown}
Comestibles
 c - 5 rations
 m - 5 chunks of flesh


   Skills:
 - Level 1.0 Fighting
 - Level 2.0 Dodging
 - Level 3.0 Unarmed Combat
 + Level 2.9 Spellcasting
 * Level 4.0 Transmutations


You had 7 spell levels left.
You knew the following spells:

 Your Spells              Type           Power        Failure   Level  Hunger
a - Beastly Appendage     Tmut           ###...       3%          1    #......

Your spell library contained the following spells:

 Spells                   Type           Power        Failure   Level  Hunger
 Sticks to Snakes         Tmut           ###.....     5%          2    ##.....
 Spider Form              Tmut/Pois      #.........   24%         3    ###....
 Ice Form                 Ice/Tmut       #.......     63%         4    #####..
 Blade Hands              Tmut           ###.......   69%         5    ######.


Dungeon Overview and Level Annotations

Branches:
Dungeon (3/15)

Altars:


Innate Abilities, Weirdness & Mutations

You cannot wear most types of armour.
You are very stealthy in the water. (Stealth+)
You are amphibious.
You can wear up to eight rings at the same time.
You can use your tentacles to constrict eight enemies at once.
Your skin changes colour to match your surroundings (Stealth+).
Your rubbery body absorbs attacks. (AC +1, EV +1)


Message History

The gnoll is heavily wounded.
The gnoll hits you but does no damage.
You barely miss the gnoll. Your grab misses the gnoll.
You tentacle-slap the gnoll.
The gnoll is severely wounded.
The gnoll hits you with a +0 spear.
You closely miss the gnoll. You grab the gnoll. You squeeze the gnoll.
You kill the gnoll!
Your Transmutations skill increases to level 4!
The gnoll closely misses you.
Things that are here:
a +0 spear; a gnoll corpse You barely miss the gnoll.
Your grab misses the gnoll. Your squeeze misses the gnoll.
The gnoll barely misses you.
You tentacle-slap the gnoll but do no damage.
Your grab misses the gnoll. The gnoll misses you.
You tentacle-slap the gnoll but do no damage.
Your grab misses the gnoll.
The gnoll hits you with a +1 flail of protection!
You die...

#.# #.# #.#
...##.#
...##.## ####
.>+... ÷..#
..##g# ...#
#.##@# ...#
#.##.# ...#
#.##.#####.
...###
#÷..........
.....#
###.##.#####..
...#.#
#......#
...#.#
#.#.####
...#.# #.#...
##<#.# #.#####


You could see a gnoll.

Vanquished Creatures
  Robin (D:3)
  2 gnolls (D:3)
  A dart slug (D:2)
  2 worms (D:2)
  A leopard gecko (D:3)
  6 bats
  3 giant cockroaches
  11 goblins
  10 hobgoblins
  4 jackals (D:1)
  A quokka (D:2)
  2 frilled lizards
  A kobold (D:1)
  6 rats
51 creatures vanquished.

Notes
Turn   | Place    | Note
-------+----------+-------------------------------------------
     0 | D:1      | MisterFreud the Octopode Transmuter began the quest for the
                  | Orb.
     0 | D:1      | Reached XP level 1. HP: 13/13 MP: 3/3
   173 | D:1      | Reached XP level 2. HP: 18/18 MP: 3/5
   480 | D:1      | Reached skill level 3 in Transmutations
   524 | D:1      | Reached XP level 3. HP: 21/23 MP: 6/6
  1859 | D:3      | Noticed Robin
  1877 | D:2      | Reached XP level 4. HP: 10/28 MP: 8/8
  2106 | D:3      | Killed Robin
  2291 | D:3      | Reached skill level 4 in Transmutations
  2295 | D:3      | Slain by a gnoll

Levels and vault maps discovered:
D:1:      dpeg_arrival_prison, layout_loops_corners, chequers_big_river,
          hangedman_decor_clover_reticule
D:2:      layout_basic, kennysheep_generic_room_10
D:3:      layout_basic, first_ration, uniq_robin, uniq_natasha

Skill      XL: |  1  2  3  4 |
---------------+-------------+-----
Transmutations | 3 4 |  4.0
Fighting       | |  1.0
Dodging        | |  2.0
Unarmed Combat | |  3.0
Spellcasting   | |  2.9

Action                   |  1- 3 |  4- 6 || total
-------------------------+-------+-------++-------
Melee: Unarmed           |    99 |    25 ||   124
       Constrict         |    28 |     6 ||    34
       Tentacles         |    14 |     4 ||    18
       Punch             |       |     1 ||     1
 Cast: Beastly Appendage |     2 |       ||     2
 Stab: Sleeping          |     8 |       ||     8
  Eat: Chunk             |     3 |     1 ||     4
Armor: Skin              |    11 |     1 ||    12
Dodge: Dodged            |    64 |    14 ||    78

Table legend:
 A = Non-vault XP
 B = Vault XP
 C = Vault XP percentage of total XP
 D = Non-vault monster count
 E = Vault monster count
 F = Vault count percentage of total count
                 A         B        C        D         E       F
            +---------+---------+-------+---------+---------+-------
      Total |     103 |      31 |  23.1 |      41 |      10 |  19.6
            +---------+---------+-------+---------+---------+-------
        D:1 |      42 |       3 |   6.7 |      25 |       2 |   7.4
        D:2 |      28 |       1 |   3.4 |      11 |       1 |   8.3
        D:3 |      33 |      27 |  45.0 |       5 |       7 |  58.3
            +---------+---------+-------+---------+---------+-------
